 Dungeon Crawl Stone Soup version 0.20-a0-809-gaf7f668 (webtiles) character file.

420 Gorglomux the Poker (level 6, -3/44 HPs)
             Began as a Merfolk Skald on Mar 2, 2017.
             Slain by Mamaj's ghost (10 damage)
             ... on level 4 of the Dungeon.
             The game lasted 00:22:22 (4988 turns).

Gorglomux the Poker (Merfolk Skald)                 Turns: 4988, Time: 00:22:23

Health: -3/44      AC:  3    Str: 11    XL:     6   Next: 94%
Magic:  3/10       EV: 12    Int: 15    God:
Gold:   140        SH:  0    Dex: 16    Spells: 2/11 levels left

rFire    . . .     SeeInvis .   a - +0 spear
rCold    . . .     Gourm    .   b - +0 leather armour
rNeg     . . .     Faith    .   (no shield)
rPois    .         Spirit   .   (no helmet)
rElec    .         Reflect  .   (no cloak)
rCorr    .         Harm     .   (no gloves)
MR       .....                  (no boots)
Stlth    +.........             u - amulet of magic regeneration
Regen    1.2/turn               l - ring of flight
MPRegen  0.2/turn               j - +3 ring of dexterity

@: infused (expiring), regenerating (expiring)
A: change form in water, swift swim, stealthy swim
a: Evoke Flight


You were on level 4 of the Dungeon.
You were near starving.

You visited 2 branches of the dungeon, and saw 5 of its levels.

You collected 140 gold pieces.

Inventory:

Hand Weapons
 a - a +0 spear (weapon)
Armour
 b - a +0 leather armour (worn)
Jewellery
 j - a +3 ring of dexterity (left hand)
 l - a ring of flight (right hand)
 u - an amulet of magic regeneration (around neck)
 Y - an uncursed ring of magical power {unknown}
Scrolls
 h - 5 scrolls of identify {unknown}
 m - a scroll of fog {unknown}
 n - 2 scrolls of recharging {unknown}
 p - 3 scrolls of remove curse {unknown}
 q - a scroll of random uselessness {unknown}
 T - 4 scrolls of teleportation
 Z - a scroll of magic mapping {unknown}
Potions
 k - 4 potions of curing {unknown}
 o - a potion of lignification {unknown}
 t - 3 potions of degeneration {unknown}
 V - a potion of heal wounds {unknown}
 X - a potion of resistance {unknown}
Books
 c - a book of Battle

   Spells                             Type                      Level
   a - Infusion                       Charms                       1
   b - Shroud of Golubria             Charms/Translocation         2
   c - Song of Slaying                Charms                       2
   d - Spectral Weapon                Hexes/Charms                 3
   e - Regeneration                   Charms/Necromancy            3
Comestibles
 d - a bread ration
 i - a meat ration


   Skills:
 - Level 2.1 Fighting
 + Level 6.3 Polearms
 - Level 0.6 Armour
 - Level 2.6 Dodging
 + Level 3.0 Spellcasting
 + Level 2.0 Hexes
 + Level 5.4 Charms
 - Level 1.2 Translocations


You had 2 spell levels left.
You knew the following spells:

 Your Spells              Type           Power        Failure   Level  Hunger
a - Infusion              Chrm           ###.         2%          1    #......
h - Shroud of Golubria    Chrm/Tloc      ##........   12%         2    ##.....
R - Regeneration          Chrm/Necr      ##........   30%         3    ###....
W - Spectral Weapon       Hex/Chrm       ##......     17%         3    ###....


Dungeon Overview and Level Annotations

Branches:
Dungeon (4/15)             Temple (1/1) D:4

Altars:
Ashenzari
Cheibriados
Dithmenos
Elyvilon
Gozag
Hepliaklqana
Nemelex Xobeh
Ru
Vehumet
Xom
Zin

Annotations:
D:4 Mamaj's ghost, novice DsGl


Message History

Confirm with . or Enter, or press ? or * to list all spells.
You begin infusing your attacks with magical energy.
Mamaj's ghost says, "Your head on a pike would complement this floor nicely."
Casting: Infusion
Confirm with . or Enter, or press ? or * to list all spells.
Your skin crawls.
Mamaj's ghost hits you!
* * * LOW HITPOINT WARNING * * *
You hit Mamaj's ghost but do no damage.
Mamaj's ghost is moderately damaged.
Mamaj's ghost completely misses you.
You closely miss Mamaj's ghost.
Mamaj's ghost is moderately damaged.
Your skin is crawling a little less now.
You barely miss Mamaj's ghost.
Mamaj's ghost is moderately damaged.
Mamaj's ghost hits you!
* * * LOW HITPOINT WARNING * * *
Your magical infusion is running out.
Mamaj's ghost hits you!
You die...

##################
#..(.............###.#
#.#########....W.....#
#.# #.####@##### #.#
#.# #.# #># #.# #.#
..# ####.# ##.# .# ###
#.?..# #..# #.#
#.######.## #..
#.#####._#####.#
#............#.#
########.###.#.#


You could see Mamaj's ghost.

Vanquished Creatures
  A centaur zombie (D:2)
  3 orc priests
  An orc wizard (D:3)
  A worker ant (D:3)
  Robin (D:2)
  7 gnolls
  3 adders
  An adder skeleton (D:4)
  A worm (D:2)
  A dart slug (D:1)
  5 leopard geckos
  18 orcs
  5 giant cockroaches
  18 goblins
  5 hobgoblins
  12 jackals
  3 quokkas (D:2)
  A ball python (D:1)
  6 bats
  7 frilled lizards
  10 kobolds
  4 rats
114 creatures vanquished.

Vanquished Creatures (others)
  4 spectral weapons (D:4)
4 creatures vanquished.

Grand Total: 118 creatures vanquished

Notes
Turn   | Place    | Note
-------+----------+-------------------------------------------
     0 | D:1      | Gorglomux the Merfolk Skald began the quest for the Orb.
     0 | D:1      | Reached XP level 1. HP: 16/16 MP: 3/3
   203 | D:1      | Reached XP level 2. HP: 20/22 MP: 0/5
   708 | D:1      | Reached skill level 4 in Polearms
   849 | D:1      | Learned a level 2 spell: Shroud of Golubria
  1018 | D:2      | Reached XP level 3. HP: 27/27 MP: 3/6
  1263 | D:2      | Reached skill level 1 in Translocations
  1263 | D:2      | Reached XP level 4. HP: 27/33 MP: 2/7
  1432 | D:2      | Reached skill level 5 in Polearms
  1685 | D:2      | Learned a level 3 spell: Spectral Weapon
  1727 | D:2      | Noticed Robin
  1815 | D:2      | Killed Robin
  1815 | D:2      | Reached XP level 5. HP: 29/38 MP: 0/8
  2710 | D:2      | Reached skill level 1 in Hexes
  2976 | D:3      | Reached XP level 6. HP: 28/44 MP: 1/9
  3162 | D:3      | Found a white marble altar of Elyvilon.
  3333 | D:3      | Reached skill level 6 in Polearms
  3758 | D:3      | Learned a level 3 spell: Regeneration
  3799 | D:3      | Reached skill level 3 in Spellcasting
  4230 | D:4      | Found a radiant altar of Vehumet.
  4280 | D:4      | Found a staircase to the Ecumenical Temple.
  4346 | Temple   | Entered the Ecumenical Temple
  4510 | D:4      | Noticed Mamaj's ghost (novice DsGl)
  4988 | D:4      | Slain by Mamaj's ghost

Vault maps used:
D:1:      roderic_crop_circles_arrival_large
D:2:      uniq_robin
D:3:      nicolae_overflow_crystal_walls, columned_hall_lemuel
D:4:      overflow_temple_1_default, kiku_gazebo_pond_becter,
          makhleb_grotto_becter, lemuel_crystal_altar,
          minmay_temple_entry_nine_rooms, trog_hazing_becter
Temple:   dpeg_three_leaves_temple

Skill      XL: |  1  2  3  4  5  6 |
---------------+-------------------+-----
Polearms       | 4 5 6 |  6.3
Charms         | 4 5 |  5.4
Translocations | 1 |  1.2
Hexes          | 1 2 |  2.0
Spellcasting   | 3 |  3.0
Fighting       | |  2.1
Armour         | |  0.6
Dodging        | |  2.6

Action                   |  1- 3 |  4- 6 || total
-------------------------+-------+-------++-------
Melee: Spear             |    77 |   319 ||   396
 Cast: Infusion          |    14 |    33 ||    47
       Shroud of Golubri |     1 |     8 ||     9
       Spectral Weapon   |       |     9 ||     9
       Regeneration      |       |     6 ||     6
  Use: Scroll            |       |     1 ||     1
 Stab: Sleeping          |     2 |       ||     2
  Eat: Chunk             |     2 |    13 ||    15
Armor: Leather armour    |    12 |    32 ||    44
Dodge: Dodged            |    29 |   148 ||   177
